Map: Abyssal Reef LE

Players

Serral - Winner!

  • Race: Zerg Zerg
  • League: Master
  • Spawn Location: 5:00

LiquidClem (Clem)

  • Race: Terran Terran
  • League: Grandmaster
  • Spawn Location: 11:00

Event: HomeStory Cup XXVI

VOD

Have the link to the VOD?

Description

Time

  • Played on: Dec. 1, 2024, 11:33 a.m.
  • Length: 22:28

All games in this series

Show
View Real Time Build Order
Export as new Build Order

Serral Zerg - Winner!

Build Orders: Hatch First 

Get SALT Encoding   

  12  0:00  Drone  
  13  0:07  Drone  
  14  0:14  Extractor  
  14  0:15  Drone  
  15  0:35  Hatchery  
  14  0:40  Drone, Extractor  
  15  0:47  Overlord  
  15  1:02  Spawning Pool  
  14  1:05  Drone  
  14  1:08  Drone  
  16  1:12  Drone  
  16  1:16  Drone  
  18  1:27  Drone  
  19  1:37  Drone  
  20  1:48  Queen x2  
  20  1:49  Zergling x2  
  20  1:52  Drone  
  26  1:58  Drone  
  26  2:00  Overlord  
  27  2:19  Drone  
  27  2:22  Hatchery  
  27  2:23  Drone x2  
  28  2:30  Queen  
  28  2:34  Drone  
  31  2:38  Overlord  
  31  2:41  Drone  
  31  2:43  Drone  
  33  2:46  Drone  
  33  2:50  Extractor  
  34  2:51  Drone  
  34  2:53  Drone  
  34  2:58  Queen  
  35  3:03  Drone x2  
  39  3:07  Overlord  
  39  3:09  Drone  
  39  3:11  Drone  
  41  3:13  Drone  
  42  3:20  Roach Warren  
  42  3:21  Drone  
  42  3:26  Drone  
  43  3:33  Overlord  
  43  3:34  Drone  
  43  3:35  Drone  
  43  3:38  Drone x3  
  43  3:40  Spore Crawler  
  48  3:41  Drone  
  48  3:42  Extractor  
  48  3:44  Overlord  
  48  3:45  Drone  
  48  3:46  Drone  
  50  3:52  Overlord  
  50  3:59  Queen  
  53  4:02  Roach  
  53  4:03  Roach  
  53  4:04  Evolution Chamber  
  53  4:07  Roach  
  53  4:08  Roach  
  58  4:16  Drone  
  58  4:17  Drone x4  
  58  4:20  Roach  
  62  4:25  Drone x2  
  62  4:29  Drone x2  
  62  4:30  Drone  
  63  4:34  Drone  
  63  4:37  Drone  
  64  4:40  Extractor  
  64  4:42  Drone x2  
  64  4:43  Drone  
  65  4:48  Lair  
  65  4:51  Drone x2  
  68  4:55  Spore Crawler  
  68  4:56  Drone  
  68  4:57  Drone  
  69  5:01  Drone x2  
  69  5:04  Drone  
  72  5:07  Drone x3, Spore Crawler  
  72  5:11  Spore Crawler  
  74  5:14  Drone x3  
  74  5:18  Overlord  
  74  5:21  Drone x3  
  79  5:25  Drone  
  79  5:26  Drone  
  79  5:28  Drone  
  82  5:30  Overlord  
  82  5:32  Overlord  
  82  5:33  Extractor x2  
  80  5:40  Hatchery, Zerg Ground Armor Level 1  
  79  5:43  Drone x3  
  79  5:45  Overseer  
  79  5:46  Drone  
  79  5:47  Drone  
  84  5:50  Glial Reconstitution  
  84  5:52  Drone x3  
  84  5:55  Queen, Extractor  
  84  5:56  Drone x4, Extractor  
  92  6:02  Drone, Overlord  
  92  6:03  Drone  
  94  6:08  Overlord  
  94  6:12  Infestation Pit  
  94  6:16  Hatchery  
  94  6:17  Roach x3  
  94  6:18  Overseer  
  98  6:23  Drone x5  
  98  6:25  Roach  
  105  6:27  Overlord  
  105  6:28  Metabolic Boost  
  105  6:34  Baneling Nest  
  105  6:37  Roach x3  
  110  6:42  Drone x3  
  110  6:43  Drone  
  110  6:45  Overseer  
  114  6:48  Hive  
  114  6:49  Evolution Chamber  
  114  6:52  Overlord  
  113  6:55  Drone x3  
  113  6:56  Roach  
  113  6:58  Overlord  
  118  7:04  Overlord x2  
  118  7:06  Extractor  
  118  7:07  Overlord  
  117  7:10  Roach x2  
  117  7:15  Zerg Melee Weapons Level 1  
  121  7:16  Drone  
  121  7:17  Zergling x10  
  121  7:19  Overlord  
  121  7:22  Overlord  
  126  7:23  Zergling x10  
  126  7:27  Centrifugal Hooks  
  131  7:33  Hatchery  
  130  7:41  Zerg Ground Armor Level 2  
  130  7:42  Ravager  
  130  7:43  Ravager x2  
  133  7:45  Zergling x16  
  133  7:50  Overlord  
  142  7:58  Zergling x2  
  142  8:00  Zergling x12  
  142  8:03  Viper  
  149  8:08  Viper  
  153  8:13  Drone  
  153  8:15  Baneling x5  
  153  8:16  Zergling x12  
  159  8:20  Zergling x6  
  159  8:25  Zergling x2  
  159  8:27  Hatchery, Ravager  
  164  8:30  Zergling x4  
  165  8:37  Zergling x4  
  165  8:39  Hatchery  
  162  8:43  Baneling x10  
  162  8:47  Zergling x24  
  165  9:00  Zergling x8  
  168  9:03  Queen  
  165  9:12  Zergling x14  
  165  9:15  Zergling x6  
  158  9:19  Zergling x4  
  158  9:22  Spore Crawler  
  157  9:24  Baneling x5  
  157  9:25  Zergling x2  
  157  9:26  Zergling x2  
  157  9:29  Zerg Melee Weapons Level 2  
  158  9:35  Drone x3  
  158  9:36  Drone, Zergling x4  
  158  9:38  Drone  
  163  9:44  Baneling x3, Ravager  
  163  9:45  Zergling x16  
  166  9:47  Drone  
  166  9:50  Pneumatized Carapace  
  166  9:52  Baneling x6  
  172  9:53  Baneling x2  
  172  9:56  Zergling x12  
  170  10:08  Zergling x18  
  161  10:15  Zergling x16  
  161  10:18  Baneling  
  161  10:19  Baneling x7  
  165  10:27  Zerg Ground Armor Level 3  
  163  10:30  Zergling x10  
  168  10:36  Drone x4  
  168  10:37  Drone x2  
  168  10:40  Ravager x8  
  168  10:41  Ravager  
  168  10:42  Overseer  
  183  10:45  Overlord  
  183  10:47  Burrow  
  183  10:48  Infestor  
  183  10:49  Overlord  
  185  10:51  Overlord  
  184  10:58  Zergling x6  
  185  11:05  Drone x3  
  185  11:06  Drone  
  185  11:09  Queen  
  191  11:14  Drone  
  191  11:15  Zergling x16  
  191  11:16  Hydralisk Den, Overseer  
  199  11:19  Hatchery  
  198  11:37  Zergling x4  
  198  11:38  Zergling x30  
  198  11:39  Hatchery  
  187  11:41  Viper x2  
  187  11:43  Zergling x8  
  187  11:44  Baneling x3  
  179  11:58  Zergling x4  
  179  11:59  Zergling x24  
  187  12:03  Zergling x2  
  187  12:04  Zergling x10  
  187  12:05  Zergling x2  
  168  12:11  Zerg Missile Weapons Level 1  
  168  12:12  Muscular Augments  
  168  12:15  Drone x3  
  168  12:16  Drone  
  168  12:21  Overlord x2  
  170  12:26  Zergling x16  
  178  12:31  Infestor x2  
  178  12:33  Baneling x12  
  178  12:36  Drone  
  183  12:37  Hydralisk x4  
  183  12:38  Spore Crawler  
  183  12:43  Infestor  
  183  12:44  Baneling x6  
  190  12:45  Hydralisk x2  
  193  12:55  Baneling x8, Hydralisk  
  193  12:56  Zergling x18  
  198  13:02  Zergling x14  
  198  13:12  Zergling x6  
  199  13:16  Grooved Spines  
  195  13:22  Zergling x12  
  195  13:23  Zergling x12  
  195  13:26  Zergling x22  
  190  13:35  Baneling x6, Hydralisk x2  
  190  13:36  Zergling x8  
  190  13:38  Zerg Melee Weapons Level 3  
  198  13:43  Overseer  
  198  13:44  Overseer  
  198  13:45  Adrenal Glands  
  198  13:47  Drone x2, Lurker Den  
  196  14:06  Drone x2  
  196  14:07  Drone  
  199  14:10  Baneling x11  
  199  14:15  Zerg Missile Weapons Level 2  
  194  14:32  Zergling x10  
  194  14:37  Infestor x2  
  196  14:42  Zergling x34  
  192  14:48  Zergling x28  
  192  14:51  Seismic Spines  
  192  14:52  Overseer  
  197  14:54  Nydus Network  
  197  14:56  Zergling x6  
  193  15:03  Zergling x10  
  193  15:04  Baneling x8  
  193  15:06  Drone x3  
  198  15:08  Spore Crawler  
  198  15:11  Unknown  
  198  15:12  Zergling x4  
  198  15:28  Spore Crawler, Zergling x2  
  199  15:30  Hatchery, Overseer  
  197  15:36  Overseer  
  197  15:40  Viper x2  
  197  15:42  Hydralisk x2  
  193  15:43  Hydralisk x2  
  193  15:46  Zergling x2  
  193  15:48  Adaptive Talons  
  200  15:51  Overlord  
  200  15:55  Overseer  
  194  16:05  Zergling x22  
  194  16:09  Zergling x34  
  199  16:15  Baneling x3  
  199  16:24  Infestor x2  
  194  16:25  Zergling x12  
  194  16:26  Zergling x4  
  194  16:31  Hydralisk x4  
  194  16:32  Zergling x18  
  196  16:36  Hydralisk x3  
  196  16:37  Hydralisk x6  
  192  16:40  Hydralisk  
  192  16:41  Hydralisk  
  192  16:42  Zergling x4  
  192  16:45  Hydralisk x3  
  183  16:54  Extractor  
  183  16:55  Drone x3, Extractor  
  183  16:56  Hydralisk x4  
  192  17:01  Baneling  
  192  17:02  Baneling x3, Lurker x5  
  197  17:10  Lurker  
  197  17:13  Baneling x5  
  198  17:19  Zergling x2  
  198  17:20  Spore Crawler  
  198  17:23  Overseer  
  198  17:28  Zergling x2  
  198  17:29  Zergling x10  
  199  17:38  Drone  
  200  17:49  Spore Crawler  
  200  17:50  Zerg Missile Weapons Level 3  
  198  17:52  Zergling x8  
  198  17:54  Nydus Canal  
  198  18:03  Zergling x2  
  198  18:04  Zergling x8  
  199  18:08  Baneling x3  
  199  18:09  Baneling x7  
  199  18:10  Nydus Canal  
  199  18:15  Zergling x12  
  199  18:16  Overseer  
  200  18:23  Zergling x2  
  200  18:24  Zergling x4  
  199  18:27  Overseer  
  199  18:29  Nydus Canal  
  194  18:34  Zergling x4  
  194  18:37  Hatchery  
  194  18:38  Zergling x8  
  194  18:39  Zergling x12  
  193  18:45  Viper x2, Overseer  
  193  18:47  Zergling x18  
  199  18:51  Overseer  
  199  18:55  Baneling x4  
  199  18:56  Baneling  
  199  19:06  Nydus Canal  
  199  19:08  Baneling x16, Overseer  
  199  19:11  Infestor  
  196  19:28  Zergling x2  
  196  19:29  Zergling x18  
  191  19:36  Zergling x18  
  198  19:43  Zergling x26  
  198  19:44  Infestor  
  193  19:46  Baneling  
  193  19:49  Hydralisk x2  
  193  19:50  Zergling x8  
  193  19:52  Baneling x12  
  199  19:58  Overseer  
  197  20:01  Drone x2  
  197  20:04  Infestor  
  197  20:07  Overlord x2  
  199  20:11  Overlord x2  
  199  20:13  Spore Crawler, Baneling  
  199  20:14  Baneling x9  
  196  20:23  Hatchery  
  196  20:26  Zergling x2  
  196  20:27  Zergling x16, Extractor  
  186  20:30  Extractor  
  185  20:35  Baneling  
  185  20:36  Zergling x28  
  196  20:48  Zergling x12  
  196  20:49  Lurker x4  
  192  20:50  Zergling x8  
  192  20:51  Zergling x8  
  192  20:56  Overseer  
  199  20:57  Overlord x4  
  199  20:58  Overseer x2  
  199  21:08  Extractor  
  199  21:09  Zergling x2  
  199  21:17  Nydus Canal  
  182  21:25  Overseer  
  182  21:26  Zergling x40  
  182  21:32  Zergling x26  
  199  21:39  Zergling x2  
  199  21:41  Baneling x10  
  199  21:45  Nydus Canal  
  199  21:50  Baneling x3  
  188  22:05  Zergling x2  
  188  22:06  Zergling x42  
Show
View Real Time Build Order
Export as new Build Order

LiquidClem Terran 

Build Orders: Reaper Expand, Hellion Banshee 

Get SALT Encoding   

  12  0:00  SCV  
  13  0:12  SCV  
  14  0:17  Supply Depot  
  14  0:24  SCV  
  15  0:38  SCV  
  15  0:40  Barracks  
  16  0:43  Refinery  
  16  0:50  SCV  
  17  1:03  SCV  
  18  1:15  SCV  
  19  1:27  Orbital Command, Reaper  
  20  1:40  Command Center  
  20  1:48  Supply Depot  
  20  1:52  SCV  
  21  1:58  Marine  
  22  2:05  SCV  
  23  2:11  Factory  
  23  2:17  SCV  
  23  2:22  Barracks Reactor  
  24  2:29  SCV  
  25  2:39  Command Center  
  25  2:42  SCV  
  26  2:53  Orbital Command  
  26  2:54  SCV  
  27  3:03  Hellion  
  27  3:04  Hellion  
  31  3:08  SCV  
  32  3:14  Starport  
  32  3:18  Refinery  
  32  3:19  SCV  
  33  3:21  SCV  
  33  3:23  Barracks Tech Lab  
  34  3:28  Hellion  
  34  3:32  Hellion  
  38  3:34  SCV  
  38  3:35  SCV  
  40  3:46  SCV  
  40  3:47  SCV  
  42  3:50  Hellion  
  42  3:52  Orbital Command  
  42  3:53  Hellion  
  46  3:58  SCV  
  46  3:59  Banshee  
  46  4:01  SCV  
  51  4:10  Supply Depot, SCV  
  51  4:11  Cloaking Field  
  51  4:12  Marine  
  51  4:13  SCV  
  54  4:19  SCV  
  54  4:23  SCV  
  55  4:25  SCV  
  55  4:30  Marine  
  55  4:31  SCV  
  58  4:33  Barracks x2  
  58  4:34  Factory Reactor  
  50  4:41  SCV  
  50  4:42  Banshee  
  50  4:44  SCV x2  
  56  4:48  Marine  
  56  4:50  Refinery  
  57  4:53  Supply Depot, SCV  
  57  4:56  Orbital Command  
  57  4:57  Refinery  
  57  4:58  SCV  
  59  5:04  Engineering Bay x2  
  59  5:05  SCV  
  61  5:10  SCV  
  61  5:11  Barracks Tech Lab  
  61  5:17  SCV, Barracks  
  61  5:18  Barracks, Factory Reactor  
  62  5:22  SCV  
  62  5:23  Supply Depot, SCV  
  64  5:29  SCV  
  64  5:30  Marine, Stimpack  
  64  5:32  Marine  
  64  5:33  Marine x3  
  64  5:34  SCV  
  71  5:36  SCV  
  71  5:38  Starport Reactor  
  71  5:40  Supply Depot  
  71  5:42  SCV  
  73  5:43  Terran Infantry Weapons Level 1, Terran Infantry Armor Level 1  
  73  5:46  SCV  
  73  5:48  SCV, Marine  
  76  5:50  Supply Depot, Marine  
  76  5:52  Marine x2  
  76  5:53  Marine  
  76  5:54  SCV  
  81  5:57  Siege Tank  
  81  6:00  SCV  
  81  6:01  Supply Depot, SCV  
  86  6:06  SCV, Marine  
  86  6:07  Barracks Reactor  
  86  6:08  Barracks Reactor  
  86  6:09  Marine  
  89  6:12  SCV  
  89  6:14  SCV  
  89  6:18  Medivac x2  
  95  6:19  SCV  
  95  6:21  Marine  
  95  6:24  SCV  
  98  6:26  SCV  
  98  6:27  Supply Depot  
  98  6:28  Marine  
  98  6:30  Supply Depot  
  98  6:31  SCV  
  98  6:32  Refinery  
  101  6:33  Siege Tank, Marine x3, Refinery  
  101  6:36  SCV  
  101  6:38  SCV  
  109  6:42  Factory  
  109  6:45  Armory  
  109  6:48  SCV, Marine x5  
  109  6:49  SCV, Marine  
  117  6:56  Marine x2, Medivac  
  117  6:57  Marine  
  117  6:59  SCV  
  117  7:00  SCV  
  117  7:01  SCV  
  125  7:02  Supply Depot  
  125  7:05  Supply Depot  
  125  7:06  Marine  
  125  7:07  Marine  
  127  7:09  Siege Tank  
  127  7:10  Marine  
  127  7:11  SCV  
  127  7:13  Marine  
  127  7:14  Supply Depot  
  133  7:20  Medivac  
  133  7:21  Marine  
  133  7:24  Marine x3  
  133  7:27  Factory Tech Lab  
  134  7:32  Marine x2, Command Center  
  134  7:33  Marine x2  
  134  7:35  Marine  
  134  7:36  Supply Depot  
  137  7:38  Combat Shield  
  137  7:41  Terran Infantry Weapons Level 2  
  137  7:43  Terran Infantry Armor Level 2  
  137  7:44  Marine x2  
  136  7:45  Marine  
  136  7:50  Siege Tank  
  136  7:51  Marine  
  142  7:52  Siege Tank  
  142  7:55  Supply Depot  
  142  7:57  Terran Vehicle Weapons Level 1  
  146  8:02  Marine x2  
  146  8:03  Marine, Marauder  
  151  8:09  Marine x2  
  151  8:12  Supply Depot  
  153  8:13  Marine  
  153  8:15  Medivac  
  153  8:16  Marine  
  153  8:17  Marine  
  153  8:19  Supply Depot  
  158  8:20  Marine  
  158  8:21  Marine x2  
  158  8:22  Siege Tank  
  158  8:25  Siege Tank, Marauder  
  169  8:29  Supply Depot  
  169  8:30  Marine, Medivac  
  169  8:31  Marine  
  173  8:35  Supply Depot  
  173  8:36  Supply Depot  
  173  8:37  Marine x2  
  175  8:46  Marine x2  
  177  8:50  Marauder  
  177  8:51  Barracks  
  177  8:52  Barracks x2  
  177  8:54  Siege Tank  
  179  8:57  Siege Tank  
  179  9:00  Marine  
  182  9:04  Planetary Fortress  
  174  9:10  Marine  
  174  9:12  Marine  
  174  9:15  Marine  
  148  9:17  Marine x2  
  148  9:20  Marine x4  
  153  9:24  SCV x2  
  153  9:25  SCV, Sensor Tower  
  153  9:26  Siege Tank  
  153  9:29  Siege Tank, Medivac  
  156  9:32  Marine x2  
  156  9:35  Refinery x2  
  156  9:36  SCV  
  156  9:37  SCV x2  
  161  9:39  Marauder  
  161  9:41  Marine x3  
  161  9:42  Barracks Tech Lab x3  
  166  9:46  Marine x2  
  166  9:48  SCV  
  166  9:49  SCV x2  
  168  9:54  Viking  
  168  9:56  SCV  
  168  9:58  Siege Tank  
  168  9:59  Viking  
  175  10:00  Marauder  
  175  10:04  Marauder  
  175  10:05  Marine  
  175  10:06  Marine  
  175  10:07  Command Center  
  178  10:12  Siege Tank, Marine  
  178  10:13  Marine  
  175  10:15  Marine x3  
  175  10:17  Marine, Marauder x2  
  173  10:21  Marauder  
  173  10:23  Ghost Academy, Terran Infantry Weapons Level 3  
  173  10:28  Marine x2, Marauder  
  157  10:30  Siege Tank  
  157  10:33  Terran Infantry Armor Level 3, Marine  
  157  10:35  Marine x4  
  165  10:36  Marine  
  165  10:39  Marauder x2  
  172  10:43  Marauder  
  172  10:44  SCV x3  
  172  10:46  Terran Vehicle Weapons Level 2, Marine x2  
  181  10:50  Marauder  
  181  10:51  Siege Tank, Marine  
  185  11:00  Marauder x2  
  185  11:01  Command Center  
  185  11:03  Siege Tank, Marine x2  
  194  11:04  Marauder  
  194  11:06  Marine x2  
  200  11:11  Marauder  
  200  11:22  Missile Turret  
  200  11:23  Sensor Tower  
  200  11:24  Refinery  
  200  11:25  Refinery  
  200  11:35  Marine x2  
  200  11:36  Marine  
  200  11:37  Marine  
  200  11:38  Marine  
  200  11:39  Siege Tank, Marine x3  
  192  11:40  Marine x3  
  192  11:41  Ghost, Medivac  
  192  11:43  Concussive Shells  
  194  11:47  Planetary Fortress  
  194  11:49  Siege Tank  
  194  11:53  Marine  
  194  11:54  Medivac  
  197  11:57  Ghost x2  
  197  11:58  Marine  
  200  12:08  Marine  
  170  12:09  Marine  
  170  12:10  Marine x3  
  170  12:11  Siege Tank, Medivac  
  170  12:13  Marine  
  170  12:14  Marine  
  176  12:16  Orbital Command  
  176  12:17  Marine x2  
  176  12:19  Ghost  
  176  12:21  Siege Tank  
  184  12:24  Medivac  
  184  12:26  Marine, Ghost  
  184  12:29  Marine, Ghost  
  192  12:32  SCV  
  192  12:35  Command Center  
  192  12:36  Marine  
  192  12:37  Marine  
  195  12:38  Ghost  
  195  12:39  Starport  
  195  12:42  Marine  
  200  12:55  Medivac  
  200  12:58  Marine  
  200  13:00  Medivac  
  200  13:01  Siege Tank  
  200  13:14  Marine  
  199  13:22  Siege Tank  
  199  13:23  Marine  
  199  13:24  Marine x2, Marauder  
  199  13:25  Marine  
  199  13:26  Marine  
  199  13:27  Marine x2  
  157  13:28  Marine, Ghost x2  
  157  13:30  Starport Reactor  
  157  13:31  Liberator x2  
  157  13:32  Marine  
  157  13:33  Siege Tank, Fusion Core  
  175  13:41  Marine, Missile Turret  
  175  13:44  Marine x2  
  175  13:45  Marine, Marauder  
  175  13:46  Terran Vehicle Weapons Level 3, Marine x2, Marauder  
  185  13:54  Marine  
  176  13:55  Marine  
  176  13:57  Marauder x2  
  176  13:58  Siege Tank  
  176  13:59  Marine  
  185  14:04  Marine  
  185  14:05  Marine  
  185  14:06  Ghost  
  185  14:07  Ghost  
  185  14:08  Liberator x2  
  185  14:09  Missile Turret  
  194  14:10  Command Center  
  194  14:13  Liberator  
  194  14:14  Liberator  
  200  14:20  Planetary Fortress  
  200  14:23  Refinery x2  
  200  14:25  Sensor Tower  
  200  14:26  Missile Turret  
  187  14:47  Siege Tank, Ghost  
  187  14:48  Marine x2, Ghost  
  187  14:49  Marine  
  187  14:50  Liberator  
  187  14:51  Liberator  
  199  14:54  Command Center  
  199  14:56  Marine  
  194  15:05  Liberator x2  
  197  15:08  Ghost  
  200  15:20  Ghost  
  200  15:21  Marine  
  197  15:27  Ghost  
  198  15:29  Missile Turret  
  198  15:33  Command Center  
  198  15:34  Command Center  
  198  15:36  Hi-Sec Auto Tracking, Neosteel Armor  
  198  15:39  Personal Cloaking  
  193  15:48  Siege Tank  
  196  15:50  Ghost  
  196  15:54  Marine  
  200  16:01  SCV  
  196  16:06  SCV x2, Marine x6  
  196  16:08  Marine  
  196  16:11  Liberator x2  
  181  16:12  Marine x3  
  181  16:13  SCV  
  181  16:15  Orbital Command, Marauder  
  186  16:19  Marine  
  186  16:20  Siege Tank  
  186  16:25  Marine x4  
  186  16:26  Marine x2  
  186  16:27  Marine  
  186  16:30  Marine, Marauder  
  186  16:31  Marauder  
  173  16:35  Liberator  
  173  16:36  Ghost  
  173  16:37  Marauder  
  166  16:42  Orbital Command, Marine  
  166  16:44  SCV  
  166  16:46  Orbital Command  
  166  16:47  Marine  
  160  16:50  SCV x5  
  160  16:51  Marine x3  
  160  16:52  Siege Tank, Refinery, Marauder x2, Factory Tech Lab  
  173  16:57  Marine x2  
  173  16:59  Marauder  
  177  17:01  SCV  
  177  17:03  Viking  
  177  17:05  SCV, Marauder  
  177  17:06  SCV x2  
  177  17:07  SCV  
  186  17:10  Orbital Command  
  186  17:15  Siege Tank  
  189  17:16  Ghost  
  189  17:17  Marine  
  193  17:23  Ghost  
  193  17:24  Siege Tank  
  193  17:29  Marine x2  
  199  17:31  Marine  
  200  17:37  Orbital Command  
  200  17:39  Orbital Command  
  197  17:54  Siege Tank, Ghost  
  197  17:57  Terran Vehicle And Ship Armor Level 1  
  185  18:06  Medivac  
  185  18:11  Liberator  
  198  18:15  Marine  
  198  18:16  Marine x2  
  195  18:22  Ghost  
  195  18:23  Ghost  
  195  18:25  Marine  
  195  18:26  Siege Tank  
  196  18:28  Marine x3, Marauder  
  196  18:32  Marine x2  
  188  18:35  Marine, Liberator  
  188  18:36  Marine x2  
  188  18:38  SCV, Factory Tech Lab  
  188  18:43  Marine  
  188  18:47  Marine  
  188  18:48  Marine  
  188  18:49  Orbital Command, Starport Reactor, Marine  
  188  18:50  Marauder  
  188  18:51  SCV, Ghost x2  
  188  18:54  Medivac  
  188  18:55  Refinery  
  200  18:56  Command Center  
  195  19:04  SCV x2  
  195  19:06  Marine  
  195  19:08  SCV  
  198  19:16  Missile Turret  
  198  19:20  Marauder  
  198  19:22  Barracks Tech Lab  
  198  19:27  Orbital Command  
  198  19:30  Siege Tank  
  187  19:31  Siege Tank, Ghost x2  
  187  19:32  Marine  
  187  19:33  Marine x2  
  199  19:40  Marine x2  
  199  19:41  Marine, Ghost  
  198  19:46  Command Center  
  198  19:55  Medivac  
  200  20:16  Missile Turret, Sensor Tower  
  200  20:18  Orbital Command  
  200  20:26  Widow Mine  
  200  20:27  Siege Tank  
  193  20:29  Marine x2  
  193  20:33  Orbital Command  
  193  20:34  Liberator x3  
  198  20:43  Marine  
  198  20:45  Marine  
  198  20:46  Marine x2  
  198  20:47  Siege Tank, Marine x2  
  198  20:48  Marauder x2  
  198  20:49  Marine, Marauder x2  
  176  20:50  Marine  
  176  20:51  Liberator  
  180  21:00  Siege Tank  
  180  21:01  Marine  
  180  21:03  Marine  
  185  21:05  Missile Turret  
  185  21:07  Marine x3, Missile Turret  
  185  21:09  Ghost  
  185  21:10  Ghost, Marauder x2  
  198  21:16  Orbital Command, Marine x3  
  200  21:19  Orbital Command  
  200  21:24  Siege Tank  
  189  21:30  Ghost x2  
  189  21:32  Siege Tank  
  173  21:35  Marine x2  
  173  21:37  Marine x2  
  173  21:38  Ghost x2  
  182  21:40  Medivac  
  182  21:44  SCV  
  182  21:45  SCV  
  182  21:46  SCV x2  
  188  21:51  Marine  
  188  21:52  Marine  
  196  22:07  Marine  
  196  22:08  Marine  
  190  22:09  Marine  
Tags
 
Add a new tag
Caveats
  • Supply blocks, unpowered buildings, or Contaminate may cause inaccurate times.
  • Supply counts are checked every 10 seconds.